 Dungeon Crawl Stone Soup version 0.27.1-36-g1b1ada6b1e (webtiles) character file.

Game seed: 17371452541117778500

20556 KleinerIrrer the Brawler (level 12, -2/75 HPs)
             Began as an Octopode Delver on Feb 5, 2023.
             Was an Initiate of Gozag.
             Slain by an orc knight (32 damage)
             ... on level 12 of the Dungeon.
             The game lasted 00:56:04 (21487 turns).

KleinerIrrer the Brawler (Octopode Delver)         Turns: 21487, Time: 00:56:05

Health: -2/75      AC:  1    Str: 15    XL:     12   Next: 80%
Magic:  0/13       EV: 19    Int: 19    God:    Gozag
Gold:   421        SH:  5    Dex: 17    Spells: 11/12 levels left

rFire    + . .     SeeInvis +     - Unarmed
rCold    . . .     Faith    .   N - +0 buckler {reflect}
rNeg     + . .     Spirit   +   (helmet restricted)
rPois    .         Reflect  +   u - amulet of guardian spirit
rElec    .         Harm     .   s - ring of protection from fire
rCorr    +         Rampage  .   r - ring of willpower
Will     +....                  C - ring of flight
Stlth    +++++.....             G - ring of see invisible
HPRegen  0.22/turn              w - +6 ring of intelligence
MPRegen  0.13/turn              M - ring "Musel" {Fire Fly rN+ Dex+3}
                                B - ring of ice
                                y - ring of resist corrosion

@: gold aura, flying
A: almost no armour, amphibious, 8 rings, camouflage 1, gelatinous body 1,
(nimble swimmer 1), tentacles, fangs 1, tentacle spike 1, frail 1, wild magic 1
a: Renounce Religion, Potion Petition, Call Merchant, Bribe Branch


You were on level 12 of the Dungeon.
You worshipped Gozag.
Gozag was aware of your devotion.
You visited 4 branches of the dungeon, and saw 19 of its levels.

You collected 1948 gold pieces.
You spent 685 gold pieces at shops.
You paid 842 gold pieces to Gozag.

Inventory:

Hand Weapons
 b - the +1 rapier of Eternal Vigilance {vamp, Will+ Dex+7}
   (You found it on level 6 of the Dungeon)

   It occasionally heals its wielder for a portion of the damage dealt when it
   wounds a living foe.
   Dex:       It affects your dexterity (+7).
   Will:      It increases your willpower.
Missiles
 g - 49 poisoned darts (quivered)
 h - 11 javelins
 p - 6 datura-tipped darts
 x - a throwing net
Armour
 N - a +0 buckler of reflection (worn)
Jewellery
 r - a ring of willpower (right tentacle)
 s - a ring of protection from fire (left tentacle)
 u - an amulet of guardian spirit (around mantle)
 w - a +6 ring of intelligence (on tentacle)
 y - a ring of resist corrosion (on tentacle)
 B - a ring of ice (on tentacle)
 C - a ring of flight (on tentacle)
 G - a ring of see invisible (on tentacle)
 M - the ring "Musel" (on tentacle) {Fire Fly rN+ Dex+3}
   (You bought it in a shop on level 10 of the Dungeon)

   [ring of fire]

   It enhances your fire magic.
   Dex:       It affects your dexterity (+3).
   rF:        It protects you from fire.
   rC:        It makes you vulnerable to cold.
   rN:        It protects you from negative energy.
   Fly:       It grants you flight.
Wands
 e - a wand of digging (5)
 f - a wand of iceblast (26)
 i - a wand of flame (13)
 l - a wand of mindburst (4)
 E - a wand of charming (5)
Scrolls
 a - 2 scrolls of fog
 c - a scroll of vulnerability
 d - 2 scrolls of amnesia
 j - 2 scrolls of magic mapping
 k - 2 scrolls of brand weapon
 n - 3 scrolls of enchant armour
 t - a scroll of noise {unknown}
 z - 2 scrolls of silence
 K - a scroll of immolation {unknown}
Potions
 o - 2 potions of brilliance
 q - 2 potions of magic
 v - a potion of heal wounds
 A - 5 potions of attraction
 D - a potion of resistance {unknown}
 H - a potion of mutation
 I - 2 potions of curing
 L - a potion of berserk rage {unknown}
 O - a potion of flight {unknown}


   Skills:
 + Level 8.7 Fighting
 - Level 0.6 Throwing
 + Level 10.2 Dodging
 - Level 7.6 Stealth
 - Level 4.0 Shields
 + Level 17.5 Unarmed Combat
 * Level 0.7 Spellcasting
 * Level 0.9 Transmutations


You had 11 spell levels left.
You knew the following spells:

 Your Spells              Type           Power      Damage    Failure   Level
a - Beastly Appendage     Tmut           10%        N/A       19%         1

Your spell library contained the following spells:

 Spells                   Type           Power      Damage    Failure   Level
 Wereblood                Tmut           5%         N/A       28%         2
 Spider Form              Tmut/Pois      1%         N/A       52%         3
 Ozocubu's Armour         Ice            1%         N/A       58%         3
 Airstrike                Air            0%         N/A       92%         4
 Summon Lightning Spire   Summ/Air       0%         N/A       92%         4
 Lightning Bolt           Conj/Air       0%         1d11      99%         5
 Summon Forest            Summ/Tloc      0%         N/A       99%         5
 Summon Mana Viper        Hex/Summ       0%         N/A       99%         5
 Shadow Creatures         Summ           N/A        N/A       100%        6
 Ozocubu's Refrigeration  Ice            0%         4d5       100%        7


Dungeon Overview and Level Annotations

Branches:
Dungeon (13/15)            Temple (1/1) D:7            Lair (3/6) D:11
    Orc (2/2) D:10            Elf (0/3) Orc:2
  Swamp: Lair:2-4    Shoals: Lair:2-4     Snake: Lair:2-4    Spider: Lair:2-4
 Vaults: D:13-14

Altars:
Ashenzari
Cheibriados
Dithmenos
Gozag
Kikubaaqudgha
Makhleb
Nemelex Xobeh
Ru
Trog
Vehumet
Wu Jian
Xom
Yredelemnul
Zin
The Shining One
Lugonu

Shops:
D:10 [=

Portals:
Abyss: D:7

Annotations:
D:3 Purgy
D:12 Erolcha, Josephine
Orc:2 Urug


Innate Abilities, Weirdness & Mutations

You cannot wear most types of armour.
You are amphibious.
You can wear up to eight rings at the same time.
Your skin changes colour to match your surroundings (Stealth+).
Your rubbery body absorbs attacks. (AC +1, EV +1)
((You are camouflaged near water. (Stealth+)))
You have tentacles for arms and can constrict up to eight enemies at once.
You have very sharp teeth.
One of your tentacles bears a spike.
You are frail. (-10% HP)
Your spells are a little harder to cast, but a little more powerful.


Message History

Found an escape hatch in the ceiling.
There is a stone staircase leading up here.
As you read the scroll of magic mapping, it crumbles to dust.
You feel aware of your surroundings.
You sensed 3 shops/portals.
The centaur warrior shouts!
The warg howls!
The orc knight shouts!
You hear a shout!
The orc knight roars a battlecry!
The orc goes into a battle-frenzy!
The troll shouts!
The orc shouts!
Unknown command.
Okay, then.
You block the warg's attack. The orc knight misses you.
You fly upwards.
Level annotation: Erolcha, Josephine
There is a stone staircase leading down here.
The orc knight completely misses you. The warg barely misses you.
Okay, then.
You closely miss the warg.
You pierce the warg, but do no damage.
You squeeze the warg!
The warg is moderately wounded.
The warg completely misses you.
You barely miss the warg.
You pierce the warg.
You squeeze the warg!
The warg is heavily wounded.
You block the orc knight's attack.
You closely miss the warg. Your squeeze misses the warg.
The warg is heavily wounded.
You block the warg's attack.
The orc knight hits you from afar with a +0 bardiche!!
You bludgeon the warg!
You kill the warg!
The orc knight hits you with a +0 bardiche!!
You see here 9 gold pieces.
You tentacle-slap the orc knight. You grab the orc knight.
You pierce the orc knight, but do no damage.
The orc knight is lightly wounded.
You constrict the orc knight, but do no damage.
The orc knight hits you with a +0 bardiche!!!
You die...
Your body crumbles into a pile of gold.

# ####.###########(###.#.# #
#.............##.#.....# #
#.##)########.##.#.....#####
#.##.# #.#..(.......<.#
#.##.# #.#..#....[#.#.#
#.##∩#### ###.#..#..)..#)#.#
#.##....# #..........###.#.#
#.#####.# #o#.#..######.#..#
#.# #.# #@#.#..#####.###..
#.# #.# #...........## ##.
#.#####.###..^########.###..
#......#......# ##.#..#
#######.#....###########.#.#
#.#.#...........##.#.#
#.#.#.########..##.#.#
#.#.#.# #..##.#.# #.#.#.#
#..##....


You could see an orc knight.

Vanquished Creatures
  Harold (Orc:2)
  3 two-headed ogres
  Sonja (D:12)
  Nergalle (D:12)
  A deep elf pyromancer (D:12)
  3 orc sorcerers
  A manticore (D:12)
  3 cyclopes
  2 black mambas (Lair:1)
  A gargoyle (D:12)
  An unseen horror (D:12)
  2 komodo dragons
  9 trolls
  A hornet (D:7)
  Grinder (D:5)
  A slime creature (D:12)
  A shadow (D:11)
  4 wraiths (D:12)
  2 wyverns (D:11)
  A basilisk (D:11)
  A hog (shapeshifter) (D:11)
  5 yaks (D:11)
  Grum (Lair:1)
  A steam dragon (D:8)
  2 wargs
  5 water moccasins
  A swamp drake (D:10)
  An ice beast (D:6)
  A sky beast (D:7)
  3 black bears
  10 orc warriors
  2 necrophages
  10 ogres
  9 wolves
  2 centaurs
  A phantom (D:6)
  2 kobold brigands
  4 bullfrogs
  2 gnoll sergeants
  2 scorpions
  A water moccasin skeleton (D:5)
  10 killer bees
  5 howler monkeys
  3 centaur zombies
  3 hounds
  4 orc priests
  5 jellies
  A gnoll shaman (D:7)
  A centaur skeleton (D:4)
  2 iguanas (D:6)
  13 orc wizards
  11 gnolls
  3 adders
  A howler monkey skeleton (D:7)
  A white imp (D:7)
  2 ufetubi
  4 worms
  3 dart slugs
  30 orcs
  4 ball pythons
  A bat (D:1)
  2 bat zombies (D:4)
  6 endoplasms
  A giant cockroach (D:1)
  4 goblins
  7 hobgoblins
  3 jackals (D:1)
  5 quokkas
  5 frilled lizards
  15 kobolds
  4 rats
  A rat zombie (D:4)
266 creatures vanquished.

Vanquished Creatures (others)
  A bat (D:2)
  A bush (D:11)
  4 fungi (D:11)
  33 plants
39 creatures vanquished.

Grand Total: 305 creatures vanquished

Notes
Turn   | Place    | Note
-------+----------+-------------------------------------------
     0 | D:5      | KleinerIrrer the Octopode Delver began the quest for the
                  | Orb.
     0 | D:5      | Reached XP level 1. HP: 16/16 MP: 1/1
     3 | D:5      | Noticed a hound
    15 | D:5      | Killed a hound
    16 | D:5      | Reached XP level 2. HP: 7/21 MP: 2/2
    16 | D:5      | Reached XP level 3. HP: 9/26 MP: 3/3
   243 | D:5      | Noticed an ogre
   385 | D:5      | Noticed an ogre
   385 | D:5      | Noticed a centaur
   385 | D:5      | Noticed a gnoll sergeant
   465 | D:5      | Noticed Grinder
   499 | D:4      | Reached skill level 3 in Unarmed Combat
   499 | D:4      | Reached XP level 4. HP: 12/31 MP: 4/4
   728 | D:4      | Found an ancient bone altar of Kikubaaqudgha.
   763 | D:4      | You fall into a shaft and drop 2 floors!
   792 | D:5      | Noticed an ogre
  1034 | D:4      | Found a snail-covered altar of Cheibriados.
  1472 | D:2      | Reached skill level 4 in Unarmed Combat
  1651 | D:2      | Found a faded altar of an unknown god.
  1666 | D:2      | Reached XP level 5. HP: 32/36 MP: 5/5
  2898 | D:4      | Killed an ogre
  2899 | D:4      | Reached skill level 5 in Unarmed Combat
  2899 | D:4      | Reached XP level 6. HP: 36/42 MP: 6/6
  3191 | D:4      | Noticed a necrophage
  3199 | D:4      | Killed a necrophage
  3200 | D:4      | Reached skill level 6 in Unarmed Combat
  3684 | D:5      | Noticed a black bear
  3696 | D:5      | Killed a black bear
  3697 | D:5      | Reached XP level 7. HP: 36/46 MP: 7/7
  3770 | D:5      | Reached skill level 7 in Unarmed Combat
  4453 | D:5      | Identified a scroll of acquirement
  4454 | D:5      | Acquired a manual of Unarmed Combat
  4539 | D:3      | Noticed Purgy
  4790 | D:5      | Reached skill level 8 in Unarmed Combat
  5387 | D:6      | Reached skill level 9 in Unarmed Combat
  5387 | D:6      | Reached XP level 8. HP: 49/52 MP: 8/8
  5429 | D:6      | Identified the +2 ring mail "Lyd Qaism" {rElec SInv}
  5436 | D:6      | Found a glowing silver altar of Zin.
  5506 | D:6      | Reached skill level 10 in Unarmed Combat
  5902 | D:6      | Identified the +1 rapier of Eternal Vigilance {vamp, Will+
                  | Dex+7}
  5967 | D:6      | Found a burning altar of Makhleb.
  6006 | D:6      | Identified the +1 flail of Eternal Vigilance {spect, MP+9
                  | Str+4}
  6048 | D:7      | Reached skill level 11 in Unarmed Combat
  6268 | D:7      | Reached skill level 12 in Unarmed Combat
  6321 | D:7      | Found a large runed translucent door.
  6321 | D:7      | Found a large runed translucent door.
  6322 | D:7      | Found a corrupted altar of Lugonu.
  6757 | D:7      | Noticed a hornet
  6762 | D:7      | Reached XP level 9. HP: 56/57 MP: 9/9
  6765 | D:7      | Killed a hornet
  6766 | D:7      | Reached skill level 13 in Unarmed Combat
  6968 | D:7      | Found a staircase to the Ecumenical Temple.
  6989 | D:7      | Found a one-way gate to the infinite horrors of the Abyss.
  7000 | Temple   | Entered the Ecumenical Temple
  7055 | Temple   | Became a worshipper of Gozag Ym Sagoz the Greedy
  7829 | D:8      | Reached skill level 14 in Unarmed Combat
  8134 | D:8      | Found a sparkling altar of Nemelex Xobeh.
  8418 | D:8      | Reached skill level 15 in Unarmed Combat
  9344 | D:9      | Found a bloodstained altar of Trog.
  9344 | D:9      | Found a basalt altar of Yredelemnul.
  9659 | D:9      | Found an ornate altar of the Wu Jian Council.
 10040 | D:10     | Entered Level 10 of the Dungeon
 10094 | D:10     | Found a shadowy altar of Dithmenos.
 11112 | D:5      | Reached XP level 10. HP: 63/63 MP: 10/10
 11166 | D:5      | Killed Grinder
 11186 | D:5      | Found a radiant altar of Vehumet.
 11722 | D:5      | Identified the +3 rapier of the Walnut {drain, Will+ Int+5}
 12232 | D:10     | Found a shimmering altar of Xom.
 12457 | D:10     | Reached skill level 5 in Dodging
 12648 | D:10     | Reached skill level 5 in Fighting
 12847 | D:11     | Noticed a cyclops
 12936 | D:11     | Reached skill level 1 in Shields
 13483 | D:11     | Noticed a two-headed ogre
 13589 | D:11     | Reached XP level 11. HP: 44/74 MP: 6/11
 14046 | D:11     | Found a staircase to the Lair.
 14117 | D:11     | You are sucked into a shaft and drop 1 floor!
 14126 | D:11     | Killed a cyclops
 14632 | D:11     | Killed a two-headed ogre
 14810 | Lair:1   | Entered Level 1 of the Lair of Beasts
 14876 | Lair:1   | Noticed Grum
 14892 | Lair:1   | Killed Grum
 16250 | Lair:2   | Noticed a six-headed hydra
 16305 | D:12     | Noticed a deep elf pyromancer
 16309 | D:12     | Killed a deep elf pyromancer
 16319 | D:12     | Noticed Sonja
 16328 | D:12     | Killed Sonja
 16353 | D:12     | Noticed Nergalle
 16363 | D:12     | Killed Nergalle
 16682 | D:12     | Reached skill level 10 in Dodging
 16711 | D:12     | Noticed Josephine
 16815 | D:12     | Noticed Erolcha
 17025 | D:12     | Noticed a cyclops
 17040 | D:12     | Killed a cyclops
 17041 | D:12     | Reached XP level 12. HP: 84/84 MP: 12/12
 17227 | D:12     | Reached skill level 16 in Unarmed Combat
 17561 | D:10     | Bought the ring "Musel" {Fire Fly rN+ Dex+3} for 535 gold
                  | pieces
 17726 | D:10     | Found Weyjenag's Antique Armour Emporium.
 17729 | D:10     | Bought a runed buckler for 150 gold pieces
 17943 | D:10     | Found a staircase to the Orcish Mines.
 17973 | Orc:1    | Entered Level 1 of the Orcish Mines
 18020 | Orc:2    | Entered Level 2 of the Orcish Mines
 18758 | Orc:2    | Paralysed by an orc sorcerer for 5 turns
 19109 | Orc:1    | Noticed an orc warlord
 19237 | Orc:1    | Noticed Harold
 19842 | Orc:2    | Killed Harold
 20199 | Orc:2    | Reached skill level 17 in Unarmed Combat
 20408 | Orc:2    | Found a staircase to the Elven Halls.
 20411 | Orc:2    | Learned a level 1 spell: Beastly Appendage
 20415 | Orc:2    | Noticed Urug
 20472 | Orc:2    | Noticed an ogre mage
 20528 | Orc:2    | Noticed a two-headed ogre
 20536 | Orc:2    | Noticed a two-headed ogre
 20542 | Orc:2    | Killed a two-headed ogre
 20694 | Orc:2    | Killed a two-headed ogre
 20775 | Orc:1    | Gained mutation: Your spells are a little harder to cast,
                  | but a little more powerful. [potion of mutation]
 20775 | Orc:1    | Gained mutation: You are frail. (-10% HP) [potion of
                  | mutation]
 20775 | Orc:1    | Gained mutation: You have very sharp teeth. [potion of
                  | mutation]
 20775 | Orc:1    | Gained mutation: One of your tentacles bears a spike.
                  | [potion of mutation]
 21365 | Lair:3   | Noticed a four-headed hydra
 21476 | D:13     | Noticed a centaur warrior
 21487 | D:12     | Slain by an orc knight

Illustrated notes

Levels and vault maps discovered:
D:1:      lemuel_arrival_funnel, layout_basic
D:2:      layout_basic, hellmonk_ecumenical_altar_run_dry, lemuel_old_faithful
D:3:      layout_rooms, gammafunk_ghost_nasty_kobolds, uniq_purgy
D:4:      kennysheep_big_flooded_room, layout_basic,
          lemuel_zombie_altar_kikubaaqudgha, cheibriados_altar_1,
          minmay_misc_feat_five
D:5:      layout_rooms, mainiacjoe_overflow_cross_hatched, minivault_1,
          due_unseen_surprise, uniq_grinder
D:6:      layout_rooms, lemuel_coloured_pillars_altar, kennysheep_little_box
D:7:      due_chaos_kobolds, layout_basic, minmay_temple_entry_slanted
D:8:      layout_loops_ring, nemelex_xobeh_ov_fountains_minmay
D:9:      layout_rooms, mainiacjoe_overflow_boulevard,
          mainiacjoe_overflow_catwalk_spiral
D:10:     layout_gridville, mainiacjoe_overflow_paths, lemuel_crystal_altar,
          erik_orc_1, serial_shops, shop, hangedman_decor_push
D:11:     layout_stronghold, minmay_lair_entry_grove
D:12:     layout_loops_ring, gauntlet_entry_generic, uniq_nergalle, uniq_sonja,
          uniq_josephine, uniq_erolcha
D:13:     layout_rooms, grunt_vaults_entry_fortified, enter_bailey_2,
          nicolae_stop_n_shop_2, chequers_serial_rivers_small_a
Temple:   minmay_temple_curvy_loop
Lair:1:   layout_chaotic_city, uniq_grum
Lair:2:   layout_long_grid, minmay_swamp_entry_wisps
Lair:3:   layout_layer_cave, minmay_snake_entry_guardpost_small,
          ebering_ghost_inner_flame, small_statue_intersection, roderic_batcave,
          minmay_hedge_maze, beast_lair_carwin_8, serial_bayou_shore_b
Orc:1:    lemuel_ogre_cave, layout_caves, uniq_harold
Orc:2:    st_orc_open, layout_caves, uniq_urug

Skill      XL: |  1  2  3  4  5  6  7  8  9 10 11 12 |
---------------+-------------------------------------+-----
Stealth        | 7 |  7.6
Unarmed Combat | 3 4 5 6 9 12 15 17 | 17.5
Dodging        | 7 10 | 10.2
Fighting       | 6 8 |  8.7
Shields        | 1 3 4 |  4.0
Throwing       | |  0.6
Spellcasting   | |  0.7
Transmutations | |  0.9

Action                   |  1- 3 |  4- 6 |  7- 9 | 10-12 || total
-------------------------+-------+-------+-------+-------++-------
Melee: Unarmed           |    14 |   127 |   225 |   454 ||   820
       Tentacles         |     5 |    27 |    36 |   104 ||   172
       Constrict         |     4 |    26 |    47 |    52 ||   129
       Punch             |       |     3 |    20 |    56 ||    79
       Kick              |       |       |       |    19 ||    19
       Bite              |       |       |       |     3 ||     3
Throw: Dart              |       |     2 |    26 |    86 ||   114
 Cast: Beastly Appendage |       |       |       |     1 ||     1
Invok: Call Merchant     |       |       |       |     1 ||     1
Evoke: Wand              |       |       |     6 |    13 ||    19
  Use: Scroll            |     1 |     5 |    12 |     7 ||    25
       Potion            |       |     1 |     6 |     8 ||    15
 Stab: Sleeping          |       |    30 |     9 |     7 ||    46
       Distracted        |       |       |     3 |     3 ||     6
       Invisible         |       |       |       |     3 ||     3
Armor: Skin              |       |     3 |     9 |    14 ||    26
Dodge: Dodged            |     8 |    63 |   116 |   290 ||   477
Block: Buckler           |       |       |       |    79 ||    79
       Reflection        |       |       |       |     1 ||     1
